 Dungeon Crawl Stone Soup version 0.21.1-1-g345015f (webtiles) character file.

39 shakethe the Grave Robber (level 3, 0/25 HPs)
             Began as a Gnoll Necromancer on Feb 10, 2018.
             Slain by a jackal (2 damage)
             ... on level 1 of the Dungeon.
             The game lasted 00:07:23 (1306 turns).

shakethe the Grave Robber (Gnoll Necromancer)       Turns: 1306, Time: 00:07:23

Health: 0/25       AC:  2    Str: 11    XL:     3   Next: 45%
Magic:  4/9        EV: 14    Int: 17    God:
Gold:   53         SH:  0    Dex: 15    Spells: 10/12 levels left

rFire    . . .     SeeInvis .   (no weapon)
rCold    . . .     Gourm    .   (no shield)
rNeg     . . .     Faith    .   a - +0 robe
rPois    .         Spirit   .   (no helmet)
rElec    .         Reflect  .   (no cloak)
rCorr    .         Harm     .   (no gloves)
MR       .....                  (no boots)
Stlth    +++.......             (no amulet)
HPRegen  0.08/turn              e - ring of flight {+Fly, !d}
MPRegen  0.11/turn              (no ring)

@: no status effects
A: distributed training, fangs 1, strong nose
a: Evoke Flight


You were on level 1 of the Dungeon.
You were not hungry.

You visited 1 branch of the dungeon, and saw 2 of its levels.

You collected 53 gold pieces.

Inventory:

Hand Weapons
 d - a +0 club
   (You took it off a goblin on level 1 of the Dungeon)
 j - a +0 short sword
   (You took it off a kobold on level 1 of the Dungeon)
 k - a +0 club
   (You took it off a hobgoblin on level 1 of the Dungeon)
 l - a +0 dagger
   (You took it off a kobold on level 1 of the Dungeon)
 m - a +0 dagger
   (You took it off a goblin on level 1 of the Dungeon)
 n - a +0 spear
   (You found it on level 1 of the Dungeon)
 o - a +0 club
   (You took it off a hobgoblin on level 1 of the Dungeon)
 r - a +0 club
   (You found it on level 1 of the Dungeon)
Armour
 a - a +0 robe (worn)
Jewellery
 e - a ring of flight (left hand) {+Fly, !d}
   (You found it on level 1 of the Dungeon)
 q - an uncursed ring of positive energy {unknown}
   (You found it on level 1 of the Dungeon)
Scrolls
 f - a scroll of noise {unknown}
 g - a scroll of identify {unknown}
 h - a scroll of blinking {unknown}
 p - a scroll of immolation {unknown}
Potions
 i - a potion of lignification {unknown}
Books
 b - a book of Necromancy
Comestibles
 c - 2 rations
 s - a chunk of flesh {@w0}


   Skills:
 + Level 0.7 Fighting
 + Level 0.7 Short Blades
 + Level 0.7 Long Blades
 + Level 0.7 Axes
 + Level 0.7 Maces & Flails
 + Level 0.7 Polearms
 + Level 0.7 Staves
 + Level 0.7 Slings
 + Level 0.7 Bows
 + Level 0.7 Crossbows
 + Level 0.7 Throwing
 + Level 0.7 Armour
 + Level 4.5 Dodging
 + Level 4.1 Stealth
 + Level 0.7 Shields
 + Level 0.7 Unarmed Combat
 + Level 5.0 Spellcasting
 + Level 0.5 Conjurations
 + Level 0.5 Hexes
 + Level 0.5 Charms
 + Level 0.5 Summonings
 + Level 7.1 Necromancy
 + Level 0.5 Translocations
 + Level 0.5 Transmutations
 + Level 0.5 Fire Magic
 + Level 0.5 Ice Magic
 + Level 0.5 Air Magic
 + Level 0.5 Earth Magic
 + Level 0.5 Poison Magic
 + Level 0.9 Invocations
 + Level 0.7 Evocations


You had 10 spell levels left.
You knew the following spells:

 Your Spells              Type           Power        Failure   Level  Hunger
a - Pain                  Necr           ####         1%          1    None
b - Animate Skeleton      Necr           N/A          1%          1    None


Dungeon Overview and Level Annotations

Branches:
Dungeon (2/15)

Altars:


Innate Abilities, Weirdness & Mutations

Your experience applies equally to all skills.
You have very sharp teeth.
Your uncanny sense of smell can sniff out nearby items.


Message History

You hear a bark!
You take 1 damage, and have 22/25 hp.
You now have 6/9 mp.
Aim: a jackal (heavily wounded, chance to defeat MR: 93%)
The jackal writhes in agony!
You kill the jackal!
You take 1 damage, and have 21/25 hp.
You now have 5/9 mp.
Aim: a rat (chance to defeat MR: 93%)
The rat writhes in agony!
You kill the rat!
You take 1 damage, and have 20/25 hp.
You now have 4/9 mp.
A ball python and a jackal come into view.
You see here a rat corpse.
You attempt to give life to the dead...
Before your eyes, flesh is ripped from the corpse!
The dead are walking!
The jackal barks!
The jackal bites you.
You see here a chunk of flesh {@w0}.
You take 1 damage, and have 19/25 hp.
A jackal comes into view.
The jackal barks!
The jackal bites you.
You take 3 damage, and have 16/25 hp.
Aim: a jackal (chance to defeat MR: 93%)
The jackal writhes in agony!
The jackal misses you.
Your rat skeleton closely misses the jackal.
The jackal barely misses you.
You take 1 damage, and have 15/25 hp.
You now have 3/9 mp.
Aim: a jackal (severely wounded, chance to defeat MR: 93%)
The jackal writhes in agony!
You kill the jackal!
The ball python closely misses you. The ball python grabs you.
The ball python constricts you.
Your rat skeleton barely misses the ball python.
The ball python completely misses you. The ball python constricts you.
You take 1 damage, and have 14/25 hp.
You now have 2/9 mp.
The ball python's grasp on you weakens, but your attempt to escape fails.
Your rat skeleton bites the ball python.
The ball python bites you. The ball python constricts you.
You take 1 damage, and have 13/25 hp.
There is nothing here that can be animated!
Unknown command.
You escape the ball python's grasp.
The jackal bites you but does no damage.
Your rat skeleton barely misses the ball python.
The ball python bites your rat skeleton.
The ball python grabs your rat skeleton.
The ball python constricts your rat skeleton.
The jackal barely misses you.
The ball python loses its grip on your rat skeleton.
Aim: a jackal (chance to defeat MR: 93%)
The jackal writhes in agony!
The jackal bites you.
Your rat skeleton closely misses the ball python.
You take 3 damage, and have 10/25 hp.
You now have 1/9 mp.
Aim: a jackal (moderately wounded, chance to defeat MR: 93%)
The jackal writhes in agony!
The jackal misses you. The ball python bites you.
* * * LOW HITPOINT WARNING * * *
The ball python misses you.
Your rat skeleton misses the jackal.
The jackal barely misses you.
You take 3 damage, and have 7/25 hp.
You now have 0/9 mp.
You don't have enough magic to cast that spell.
The ball python barely misses you. The ball python grabs you.
The ball python constricts you.
You escape the ball python's grasp.
The jackal closely misses you. The jackal misses you.
Something bites your rat skeleton. Something grabs your rat skeleton.
Your rat skeleton is constricted.
The ball python loses its grip on something.
The jackal closely misses you. The jackal bites you.
* * * LOW HITPOINT WARNING * * *
There is a stone staircase leading up, spattered with blood here.
You take 2 damage, and have 5/25 hp.
The jackal bites you.
* * * LOW HITPOINT WARNING * * *
The jackal closely misses you. The ball python bites you.
* * * LOW HITPOINT WARNING * * *
The ball python grabs you.
You stop ascending the stairs.
The ball python constricts you.
You take 2 damage, and have 3/25 hp.
You escape the ball python's grasp.
The jackal barely misses you.
Your rat skeleton bites the jackal but does no damage.
You climb upwards.
There is a stone staircase leading down here.
The jackal closely misses you. The ball python barely misses you.
The ball python misses you. The jackal completely misses you.
The jackal completely misses you. The jackal misses you. The jackal misses you.
The jackal bites you.
* * * LOW HITPOINT WARNING * * *
You take 1 damage, and have 2/25 hp.
The jackal barely misses you.
The jackal bites you but does no damage.
The jackal closely misses you. The jackal bites you.
You die...

.≈≈§≈≈§....≈§≈≈≈§§......#.#
.≈≈≈§§≈≈≈§≈§≈≈..........#.#
.....§§≈≈§§≈............#.#
....................... #.#
#########################.#
.....#....................#
####.#>#.###.##.###.#######
# #.#...#......###.# #
#.#.###.#.#..@hS.# ####Z#.#
#.#.....#### Z..Z.###
#.......# ###### ####..#.#
...^# #####..#.########
###.# #..(...#.##.....# #.#
#.####(...#.###.# #.#####.#
###......#.# #.......#
###.#.#.#.#


You could see a jackal and a ball python.

Vanquished Creatures
  An ooze (D:1)
  2 dart slugs
  2 ball pythons (D:1)
  2 goblins (D:1)
  3 hobgoblins (D:1)
  3 jackals (D:2)
  4 bats (D:1)
  3 frilled lizards (D:1)
  3 kobolds (D:1)
  2 rats
25 creatures vanquished.

Vanquished Creatures (collateral kills)
  An ooze (D:1)
  A goblin (D:1)
  A bat (D:1)
  A rat (D:1)
4 creatures vanquished.

Grand Total: 29 creatures vanquished

Notes
Turn   | Place    | Note
-------+----------+-------------------------------------------
     0 | D:1      | shakethe the Gnoll Necromancer began the quest for the Orb.
     0 | D:1      | Reached XP level 1. HP: 13/13 MP: 6/6
     2 | D:1      | Learned a level 1 spell: Animate Skeleton
   124 | D:1      | Reached XP level 2. HP: 9/20 MP: 3/7
   655 | D:1      | Reached XP level 3. HP: 12/25 MP: 5/9
   731 | D:1      | Reached skill level 5 in Spellcasting
  1285 | D:2      | HP: 5/25 [jackal (2)]
  1298 | D:1      | HP: 2/25 [jackal (2)]
  1306 | D:1      | Slain by a jackal

Skill      XL: |  1  2  3 |
---------------+----------+-----
Spellcasting   | 5 |  5.0
Fighting       | |  0.7
Short Blades   | |  0.7
Long Blades    | |  0.7
Axes           | |  0.7
Maces & Flails | |  0.7
Polearms       | |  0.7
Staves         | |  0.7
Slings         | |  0.7
Bows           | |  0.7
Crossbows      | |  0.7
Throwing       | |  0.7
Armour         | |  0.7
Dodging        | |  4.5
Stealth        | |  4.1
Shields        | |  0.7
Unarmed Combat | |  0.7
Conjurations   | |  0.5
Hexes          | |  0.5
Charms         | |  0.5
Summonings     | |  0.5
Necromancy     | |  7.1
Translocations | |  0.5
Transmutations | |  0.5
Fire Magic     | |  0.5
Ice Magic      | |  0.5
Air Magic      | |  0.5
Earth Magic    | |  0.5
Poison Magic   | |  0.5
Invocations    | |  0.9
Evocations     | |  0.7

Action                   || total
-------------------------++-------
Melee: Unarmed           ||    20
       Bite              ||     3
 Cast: Pain              ||    44
       Animate Skeleton  ||    11
  Eat: Chunk             ||     1
Armor: Robe              ||    11
Dodge: Dodged            ||    45

Vault maps used:
D:1:      erik_arrival_gehennom
D:2:      first_ration, grunt_ashenzari_visionary, uniq_jessica

Table legend:
 A = Turns spent in this place as a percentage of turns spent in the entire game.
 B = Non-inter-level travel turns spent in this place as a percentage of non-inter-level travel turns spent in the entire game.
 C = Inter-level travel turns spent in this place as a percentage of turns spent in this place.
 D = Turns resting spent in this place as a percentage of non-inter-level travel turns spent in this place.
 E = Turns spent auto-exploring this place as a percentage of non-inter-level travel turns spent in this place.
 F = Non-inter-level travel turns spent in this place divided by the number of levels of this place that you've seen.
                   A       B       C       D       E      F
               +-------+-------+-------+-------+-------+----------------------
         Total | 100.0 | 100.0 |   9.0 |   0.0 |  51.2 | 594.5
       Dungeon | 100.0 | 100.0 |   9.0 |   0.0 |  51.2 | 594.5
               +-------+-------+-------+-------+-------+----------------------

Table legend:
 A = Kills in this place as a percentage of kills in entire the game.
 B = Kills by you in this place as a percentage of kills by you in the entire game.
 C = Kills by friends in this place as a percentage of kills by friends in the entire game.
 D = Other kills in this place as a percentage of other kills in the entire game.
 E = Experience gained in this place as a percentage of experience gained in the entire game.
 F = Experience gained in this place divided by the number of levels of this place that you have seen.
                   A       B       C       D       E      F
               +-------+-------+-------+-------+-------+----------------------
         Total | 100.0 | 100.0 | 100.0 |   N/A | 100.0 |  28.0
       Dungeon | 100.0 | 100.0 | 100.0 |   N/A | 100.0 |  28.0
               +-------+-------+-------+-------+-------+----------------------
